EVO
WASHINGTON STATE UNIVERSITY COUGARS @ OKLAHOMA STATE UNIVERSITY COWBOYS
11/27/2046
 
TOP OF THE 1ST
Washington State University Cougars batting - Pitching for Oklahoma State University Cowboys : RHP Jason Maki
Pitching: RHP Jason Maki
Batting: LHB Randolph Brodbeck 0-0: SINGLE (Flyball, 7LS, EV 91.9 MPH)
Batting: RHB Noe Oliva 0-0: Ball
1-0: Called Strike
1-1: Swinging Strike
1-2: Strikes out swinging
Batting: RHB Rich Griffith 0-0: Ball
1-0: Called Strike
1-1: Called Strike
1-2: Ball
2-2: Foul Ball, location: 2F
2-2: Strikes out looking
Batting: RHB Miguel Pacheco 0-0: Ball
1-0: Ball
2-0: Swinging Strike
2-1: Fly out, F6 (Popup, 56, EV 57.5 MPH)
Top of the 1st over - 0 runs, 1 hit, 0 errors, 1 left on base; Washington State University 0 - Oklahoma State University 0
BOTTOM OF THE 1ST
Oklahoma State University Cowboys batting - Pitching for Washington State University Cougars : RHP Jonathan Holland
Pitching: RHP Jonathan Holland
Batting: RHB Settan Nakamura 0-0: Bunt for hit to 2L - play at first, batter OUT! 2-3
Batting: SHB Mel Gonzalez 0-0: Fly out, F6 (Popup, 6MS, EV 66.9 MPH)
Batting: RHB Ben Saxton 0-0: Ball
1-0: Ball
2-0: Ball
3-0: Called Strike
3-1: DOUBLE (Line Drive, 5D, EV 100.0 MPH)
Batting: LHB Rafael Banda 0-0: Called Strike
0-1: Ball
1-1: Foul Ball, location: 2F
1-2: Ball
2-2: DOUBLE (Line Drive, 89D, EV 107.5 MPH)
Ben Saxton scores
Batting: RHB Masakuni Takeuchi 0-0: Called Strike
0-1: Swinging Strike
0-2: Ball
1-2: Ground out 6-3 (Groundball, 6, EV 80.0 MPH)
Bottom of the 1st over - 1 run, 2 hits, 0 errors, 1 left on base; Washington State University 0 - Oklahoma State University 1
TOP OF THE 2ND
Washington State University Cougars batting - Pitching for Oklahoma State University Cowboys : RHP Jason Maki
Batting: LHB Jeremy Rideout 0-0: Ball
1-0: Foul Ball, location: 2F
1-1: Foul Ball, location: 2F
1-2: Ball
2-2: Foul Ball, location: 2F
2-2: Foul Ball, location: 2F
2-2: Ball
3-2: DOUBLE (Line Drive, 5D, EV 106.9 MPH)
Batting: RHB Leo Lopez 0-0: Foul Ball, location: 2F
0-1: Fly out, F7 (Flyball, 7D, EV 104.4 MPH)
Runner from 2nd tags up, SAFE at 3rd, no throw by LF
Batting: RHB David Snyder 0-0: Ball
1-0: Swinging Strike
1-1: Ball
2-1: Called Strike
2-2: Ball
3-2: Fly out, F4 (Popup, 4MS, EV 70.0 MPH)
Batting: RHB Eric Kent 0-0: Fly out, F8 (Flyball, 8RD, EV 90.6 MPH)
Top of the 2nd over - 0 runs, 1 hit, 0 errors, 1 left on base; Washington State University 0 - Oklahoma State University 1
BOTTOM OF THE 2ND
Oklahoma State University Cowboys batting - Pitching for Washington State University Cougars : RHP Jonathan Holland
Batting: RHB Ji-an See-to 0-0: Called Strike
0-1: SOLO HOME RUN (Flyball, 7D, EV 98.8 MPH), Distance : 385 ft
Batting: LHB Vecdi Ertegun 0-0: Called Strike
0-1: Called Strike
0-2: Ball
1-2: Fly out, F7 (Flyball, 7LSF, EV 88.1 MPH)
Batting: RHB Pedro Luera 0-0: Called Strike
0-1: Ball
1-1: Swinging Strike
1-2: Foul Ball, location: 2F
1-2: Ball
2-2: Strikes out swinging
Batting: LHB Gong Tow 0-0: Called Strike
0-1: Ball
1-1: Ball
2-1: Foul Ball, location: 2F
2-2: Strikes out looking
Bottom of the 2nd over - 1 run, 1 hit, 0 errors, 0 left on base; Washington State University 0 - Oklahoma State University 2
TOP OF THE 3RD
Washington State University Cougars batting - Pitching for Oklahoma State University Cowboys : RHP Jason Maki
Batting: RHB Wilson Salgado 0-0: Swinging Strike
0-1: Ball
1-1: Ball
2-1: Fly out, F7 (Line Drive, 7, EV 90.6 MPH)
Batting: LHB Randolph Brodbeck 0-0: Fly out, F7 (Line Drive, 78M, EV 88.1 MPH)
Batting: RHB Noe Oliva 0-0: Swinging Strike
0-1: Swinging Strike
0-2: Ball
1-2: Fly out, F7 (Flyball, 7D, EV 93.8 MPH)
Top of the 3rd over - 0 runs, 0 hits, 0 errors, 0 left on base; Washington State University 0 - Oklahoma State University 2
BOTTOM OF THE 3RD
Oklahoma State University Cowboys batting - Pitching for Washington State University Cougars : RHP Jonathan Holland
Batting: RHB Settan Nakamura 0-0: Ground out U3 (Groundball, 13, EV 81.9 MPH)
Batting: SHB Mel Gonzalez 0-0: Fly out, F7 (Flyball, 7, EV 88.1 MPH)
Batting: RHB Ben Saxton 0-0: Ball
1-0: Ground out 4-3 (Groundball, 4D, EV 82.5 MPH)
Bottom of the 3rd over - 0 runs, 0 hits, 0 errors, 0 left on base; Washington State University 0 - Oklahoma State University 2
TOP OF THE 4TH
Washington State University Cougars batting - Pitching for Oklahoma State University Cowboys : RHP Jason Maki
Batting: RHB Rich Griffith 0-0: Called Strike
0-1: Ball
1-1: Foul Ball, location: 2F
1-2: Strikes out swinging
Batting: RHB Miguel Pacheco 0-0: Fly out, F8 (Flyball, 8RM, EV 93.8 MPH)
Batting: LHB Jeremy Rideout 0-0: Ball
1-0: Foul Ball, location: 2F
1-1: Ground out 4-3 (Groundball, 4, EV 81.2 MPH)
Top of the 4th over - 0 runs, 0 hits, 0 errors, 0 left on base; Washington State University 0 - Oklahoma State University 2
BOTTOM OF THE 4TH
Oklahoma State University Cowboys batting - Pitching for Washington State University Cougars : RHP Jonathan Holland
Batting: LHB Rafael Banda 0-0: Ball
1-0: Swinging Strike
1-1: Ball
2-1: Called Strike
2-2: Strikes out swinging, 2-3 out at first.
Batting: RHB Masakuni Takeuchi 0-0: Ball
1-0: Foul Ball, location: 2F
1-1: Called Strike
1-2: Ball
2-2: Ball
3-2: Foul Ball, location: 2F
3-2: Fly out, F7 (Flyball, 78S, EV 85.6 MPH)
Batting: RHB Ji-an See-to 0-0: Ground out 4-3 (Groundball, 4, EV 106.9 MPH)
Bottom of the 4th over - 0 runs, 0 hits, 0 errors, 0 left on base; Washington State University 0 - Oklahoma State University 2
TOP OF THE 5TH
Washington State University Cougars batting - Pitching for Oklahoma State University Cowboys : RHP Jason Maki
Batting: RHB Leo Lopez 0-0: Ball
1-0: Called Strike
1-1: Foul Ball, location: 2F
1-2: Strikes out swinging
Batting: RHB David Snyder 0-0: Foul Ball, location: 2F
0-1: Ball
1-1: Foul Ball, location: 2F
1-2: Fly out, F8 (Flyball, 78M, EV 85.6 MPH)
Batting: RHB Eric Kent 0-0: Ball
1-0: Swinging Strike
1-1: Swinging Strike
1-2: Ball
2-2: DOUBLE (Line Drive, 89D, EV 103.8 MPH)
Batting: RHB Wilson Salgado 0-0: Foul Ball, location: 2F
0-1: Fly out, F8 (Line Drive, 8LD, EV 99.4 MPH)
Top of the 5th over - 0 runs, 1 hit, 0 errors, 1 left on base; Washington State University 0 - Oklahoma State University 2
BOTTOM OF THE 5TH
Oklahoma State University Cowboys batting - Pitching for Washington State University Cougars : RHP Jonathan Holland
Batting: LHB Vecdi Ertegun 0-0: Swinging Strike
0-1: Called Strike
0-2: Foul Ball, location: 2F
0-2: Ball
1-2: Ball
2-2: Ball
3-2: Fly out, F7 (Flyball, 7D, EV 109.4 MPH)
Batting: RHB Pedro Luera 0-0: Foul Ball, location: 2F
0-1: Foul Ball, location: 2F
0-2: SINGLE (Line Drive, 6D, EV 96.2 MPH)
Batting: LHB Gong Tow 0-0: Foul Ball, location: 2F
0-1: Swinging Strike
0-2: Ball
1-2: Ball
2-2: Grounds into double play, 6-4-3 (Groundball, 6S, EV 88.1 MPH)
Bottom of the 5th over - 0 runs, 1 hit, 0 errors, 0 left on base; Washington State University 0 - Oklahoma State University 2
TOP OF THE 6TH
Washington State University Cougars batting - Pitching for Oklahoma State University Cowboys : RHP Jason Maki
Batting: LHB Randolph Brodbeck 0-0: Ball
1-0: Ball
2-0: Called Strike
2-1: TRIPLE (Flyball, 78XD, EV 100.0 MPH)
Batting: RHB Noe Oliva 0-0: Called Strike
0-1: Ball
1-1: Hit by Pitch
Batting: RHB Rich Griffith 0-0: Called Strike
0-1: Foul Ball, location: 2F
0-2: Fly out, F8 (Line Drive, 8RM, EV 105.0 MPH)
Runner from 3rd tags up, SCORES, throw by CF
Batting: RHB Miguel Pacheco 0-0: Called Strike
0-1: Ball
1-1: 2-RUN HOME RUN (Flyball, 7D, EV 103.8 MPH), Distance : 392 ft
Batting: LHB Jeremy Rideout 0-0: Called Strike
0-1: Foul Ball, location: 2F
0-2: Strikes out looking
Batting: RHB Leo Lopez 0-0: Ball
1-0: Called Strike
1-1: Foul Ball, location: 2F
1-2: Foul Ball, location: 2F
1-2: Foul Ball, location: 2F
1-2: Strikes out swinging
Top of the 6th over - 3 runs, 2 hits, 0 errors, 0 left on base; Washington State University 3 - Oklahoma State University 2
BOTTOM OF THE 6TH
Oklahoma State University Cowboys batting - Pitching for Washington State University Cougars : RHP Jonathan Holland
Batting: RHB Settan Nakamura 0-0: Called Strike
0-1: Foul Ball, location: 2F
0-2: Fly out, F8 (Line Drive, 78D, EV 89.4 MPH)
Batting: SHB Mel Gonzalez 0-0: Fly out, F6 (Line Drive, 56, EV 71.2 MPH)
Batting: RHB Ben Saxton 0-0: Ball
1-0: Fly out, F8 (Flyball, 89D, EV 98.1 MPH)
Bottom of the 6th over - 0 runs, 0 hits, 0 errors, 0 left on base; Washington State University 3 - Oklahoma State University 2
TOP OF THE 7TH
Washington State University Cougars batting - Pitching for Oklahoma State University Cowboys : RHP Jason Maki
Pitching: RHP Bin Li
Batting: RHB David Snyder 0-0: Foul Ball, location: 2F
0-1: Ball
1-1: Ground out 6-3 (Groundball, 6S, EV 76.2 MPH)
Batting: RHB Eric Kent 0-0: Fly out, F9 (Flyball, 9S, EV 91.2 MPH)
Batting: RHB Wilson Salgado 0-0: Ball
1-0: Foul Ball, location: 2F
1-1: Called Strike
1-2: Ball
2-2: Strikes out swinging
Top of the 7th over - 0 runs, 0 hits, 0 errors, 0 left on base; Washington State University 3 - Oklahoma State University 2
BOTTOM OF THE 7TH
Oklahoma State University Cowboys batting - Pitching for Washington State University Cougars : RHP Jonathan Holland
Batting: LHB Rafael Banda 0-0: Ball
1-0: Called Strike
1-1: Called Strike
1-2: Strikes out swinging
Batting: RHB Masakuni Takeuchi 0-0: Foul Ball, location: 2F
0-1: Ball
1-1: Swinging Strike
1-2: Foul Ball, location: 2F
1-2: Foul Ball, location: 2F
1-2: Foul Ball, location: 2F
1-2: Ground out 5-3 (Groundball, 5S, EV 86.9 MPH)
Batting: RHB Ji-an See-to 0-0: Called Strike
0-1: Fly out, F9 (Flyball, 9LM, EV 98.1 MPH)
Bottom of the 7th over - 0 runs, 0 hits, 0 errors, 0 left on base; Washington State University 3 - Oklahoma State University 2
TOP OF THE 8TH
Washington State University Cougars batting - Pitching for Oklahoma State University Cowboys : RHP Bin Li
Batting: LHB Randolph Brodbeck 0-0: Ground out 5-3 (Groundball, 56, EV 82.5 MPH)
Batting: RHB Noe Oliva 0-0: Called Strike
0-1: Fly out, F7 (Line Drive, 78M, EV 90.6 MPH)
Batting: RHB Rich Griffith 0-0: Hit by Pitch
Pinch Hitting: RHB Camillo Bonauiti 0-0: Called Strike
0-1: Foul Ball, location: 2F
0-2: Strikes out swinging
Top of the 8th over - 0 runs, 0 hits, 0 errors, 1 left on base; Washington State University 3 - Oklahoma State University 2
BOTTOM OF THE 8TH
Oklahoma State University Cowboys batting - Pitching for Washington State University Cougars : RHP Jonathan Holland
Pitching: LHP Justin Harrison
Now in RF: Dave Beerman
Batting: LHB Vecdi Ertegun 0-0: Ball
1-0: Ball
2-0: Called Strike
2-1: Ground out 4-3 (Groundball, 4, EV 84.4 MPH)
Pinch Hitting: RHB Mennad Maalik 0-0: SINGLE (Groundball, 6MD, EV 96.9 MPH)
Pinch Hitting: RHB Ivan Torres 0-0: Called Strike
0-1: Ball
1-1: Ball
2-1: Fly out, F8 (Flyball, 8LD, EV 106.9 MPH)
Batting: RHB Settan Nakamura 0-0: Called Strike
0-1: Foul Ball, location: 2F
0-2: Ball
1-2: Ball
2-2: Strikes out swinging
Bottom of the 8th over - 0 runs, 1 hit, 0 errors, 1 left on base; Washington State University 3 - Oklahoma State University 2
TOP OF THE 9TH
Washington State University Cougars batting - Pitching for Oklahoma State University Cowboys : RHP Bin Li
Now at 3B: Ivan Torres
Now in LF: Mennad Maalik
Batting: LHB Jeremy Rideout 0-0: Foul Ball, location: 2F
0-1: Ball
1-1: Ball
2-1: Ball
3-1: Fly out, F9 (Flyball, 89S, EV 83.1 MPH)
Batting: RHB Leo Lopez 0-0: Ball
1-0: Ball
2-0: Ball
3-0: Base on Balls
Batting: RHB David Snyder 0-0: Fly out, F9 (Line Drive, 9, EV 93.1 MPH)
Pinch Hitting: LHB Victor Estrada 0-0: Ball
1-0: Ball
2-0: Foul Ball, location: 2F
2-1: Called Strike
2-2: Ball
3-2: SINGLE (Groundball, 6MD, EV 101.9 MPH)
Leo Lopez to second
Leo Lopez to third
Pitching: RHP Chang-wei Quian
Batting: RHB Wilson Salgado 0-0: Called Strike
0-1: Swinging Strike
0-2: Strikes out looking
Top of the 9th over - 0 runs, 1 hit, 0 errors, 2 left on base; Washington State University 3 - Oklahoma State University 2
BOTTOM OF THE 9TH
Oklahoma State University Cowboys batting - Pitching for Washington State University Cougars : LHP Justin Harrison
Pitching: LHP Travis Joyal
Now at 3B: Luis Mendoza
Pinch Hitting: RHB Armando Moreno 0-0: Ball
1-0: Fly out, F8 (Flyball, 78M, EV 95.6 MPH)
Batting: RHB Ben Saxton 0-0: Ball
1-0: Ball
2-0: Ground out 4-3 (Groundball, 4S, EV 88.8 MPH)
Batting: LHB Rafael Banda 0-0: Called Strike
0-1: Called Strike
0-2: Strikes out looking
Bottom of the 9th over - 0 runs, 0 hits, 0 errors, 0 left on base; Washington State University 3 - Oklahoma State University 2
Tuesday, September 13th , 2022 - OOTP Baseball 23.7 Build 88